 Dungeon Crawl Stone Soup version 0.19-a0-1922-g1e9a4c1 (webtiles) character file.

10727 JeffiDaFish the Fighter (level 11, -7/104 HPs)
             Began as a Hill Orc Fighter on Oct 24, 2016.
             Was an Elder of Beogh.
             Mangled by a sun demon (13 damage)
             ... summoned by a kobold demonologist
             ... on level 11 of the Dungeon on Oct 25, 2016.
             The game lasted 00:38:57 (10189 turns).

JeffiDaFish the Fighter (Hill Orc Fighter)         Turns: 10189, Time: 00:38:59

Health: -7/104     AC: 15    Str: 25    XL:     11   Next: 66%
Magic:  16/16      EV:  6    Int:  8    God:    Beogh [****..]
Gold:   683        SH: 11    Dex: 10    Spells: 3 memorised, 12 levels left

rFire  . . .     SeeInvis .     x - +11 trident "Xialad Cuac" {flame, Str+2}
rCold  + . .     Gourm    +     k - +0 plate armour
rNeg   . . .     Faith    .     c - +0 shield
rPois  .         Spirit   .     (no helmet)
rElec  .         Reflect  .     (no cloak)
rCorr  .         Harm     .     (no gloves)
MR     .....                    (no boots)
Stlth  ..........               b - amulet of the gourmand
                                u - ring of wizardry
                                e - ring of protection from cold

@: no status effects
A: iridescent scales 1, low mp 1, robust 1
a: Smiting, Recall Orcish Followers, Renounce Religion


You were on level 11 of the Dungeon.
You worshipped Beogh.
Beogh was greatly pleased with you.
You were completely stuffed.

You visited 1 branch of the dungeon, and saw 11 of its levels.

You collected 887 gold pieces.
You spent 204 gold pieces at shops.

Inventory:

Hand Weapons
 x - the +11 trident "Xialad Cuac" (weapon) {flame, Str+2}
   (You bought it in a shop on level 9 of the Dungeon)

   It has been specially enchanted to burn those struck by it, causing extra
   injury to most foes and up to half again as much damage against particularly
   susceptible opponents.
   It affects your strength (+2).
Armour
 c - a +0 shield (worn)
 k - a +0 plate armour (worn)
Jewellery
 b - an amulet of the gourmand (around neck)
 e - a ring of protection from cold (left hand)
 u - a ring of wizardry (right hand)
Wands
 y - a wand of lightning (5/15)
Scrolls
 d - 4 scrolls of teleportation
 h - 5 scrolls of identify
 l - 5 scrolls of remove curse
 m - 2 scrolls of blinking
 o - a scroll of fog
 r - 2 scrolls of magic mapping
 v - a scroll of amnesia
 D - a scroll of recharging
Potions
 a - 4 potions of flight
 s - a potion of brilliance
 w - a potion of might
 z - a potion of curing
Books
 g - a book of Conjurations

   Spells                             Type                      Level
   a - Magic Dart                     Conjuration                  1
   b - Searing Ray                    Conjuration                  2
   c - Dazzling Spray                 Conjuration/Hexes            3
   d - Fulminant Prism                Conjuration/Hexes            4
   e - Iskenderun's Mystic Blast      Conjuration                  4
   f - Iskenderun's Battlesphere      Conjuration/Charms           5
 j - a book of Misfortune

   Spells                             Type                      Level
   a - Confusing Touch                Hexes                        1
   b - Confuse                        Hexes                        3
   c - Gell's Gravitas                Hexes/Translocation          3
   d - Petrify                        Transmutation/Earth          4
   e - Metabolic Englaciation         Hexes/Ice                    5
   f - Yara's Violent Unravelling     Hexes/Transmutation          5
 p - a book of Clouds

   Spells                             Type                      Level
   a - Mephitic Cloud                 Conjuration/Poison/Air       3
   b - Conjure Flame                  Conjuration/Fire             3
   c - Poisonous Cloud                Conjuration/Poison/Air       6
   d - Freezing Cloud                 Conjuration/Ice/Air          6
   e - Ring of Flames                 Charms/Fire                  7
Miscellaneous
 B - a box of beasts
Comestibles
 f - 7 bread rations
 i - 4 meat rations
 n - 4 beef jerkies
 q - 9 fruits
 t - 9 slices of pizza
 A - 2 chunks of flesh


   Skills:
 + Level 8.8 Fighting
   Level 8.3 Long Blades
   Level 6.3(6.9) Axes
 * Level 3.5(4.9) Polearms
 + Level 7.6 Armour
 - Level 1.0 Dodging
 - Level 0.8 Stealth
 + Level 8.1 Shields
 + Level 4.5 Spellcasting
 + Level 5.5 Conjurations
 + Level 5.9 Hexes


You had 12 spell levels left.
You knew the following spells:

 Your Spells              Type           Power        Failure   Level  Hunger
a - Gell's Gravitas       Hex/Tloc       #.........   99%         3    ###....
b - Magic Dart            Conj           ##..         52%         1    #......
c - Confuse               Hex            ##......     87%         3    ###....


Dungeon Overview and Level Annotations

Branches:
Dungeon (11/15)            Temple (0/1) D:5
   Lair: D:8-11         Orc: D:9-12

Altars:
Ashenzari
Cheibriados
Dithmenos
Elyvilon
Gozag
Hepliaklqana
Nemelex Xobeh
Qazlal
Ru
Sif Muna
Trog
Xom
The Shining One

Shops:
D:5 (   D:9 (   D:10 *


Innate Abilities, Weirdness & Mutations

You are partially covered in iridescent scales. (AC +2)
Your magical capacity is low. (-10% MP)
You are robust. (+10% HP)


Message History

The orc dies!
Beogh accepts your kill.
Something barely misses your orc warrior.
Your orc wizard misses the big kobold.
Your orc warrior hits something!!
The smoke demon gestures at you. The ball of steam hits you!
* * * LOW HITPOINT WARNING * * *
Something hits the smoke demon!!
You are engulfed in a cloud of scalding steam.
The kobold demonologist is engulfed in a cloud of scalding steam.
The sun demon completely misses you.
You feel better.
The crimson imp blinks!
The smoke demon hits something!
The smoke demon closely misses something. x2
Something hits the smoke demon!
The smoke demon dies!
The sun demon hits you!!
* * * LOW HITPOINT WARNING * * *
You are engulfed in flames!
You die...

..........#
..........#
.......o..#
......Koo.#
.....CKo5.#
......)(K.#
.......§..#
.......§.§######
........KK3@...#
...#####.####..#
#...# #.# #..#
#...# #.# #..#
#...# #.# #o.#
#...# #.# #o.#
#...# #.# #..#
#...# #.# #..#
#####...#####.#
#..#####.


You could see a sun demon, a cyclops, a kobold demonologist, a big kobold and a
kobold.

Vanquished Creatures
  A hydra (D:11)
  Erica (D:9)
  Pikel (D:6)
  2 centaur zombies
  Maurice (D:8)
  Psyche (D:8)
  The ghost of pokedragonboy the Firebug, a novice DEFE of Vehumet (D:5)
  Prince Ribbit (D:8)
  Grinder (D:6)
  2 hippogriffs
  Sigmund (D:2)
  Eustachio (D:5)
  4 hogs (D:7)
  A yak (D:11)
  A hungry ghost (D:10)
  A human (D:7)
  A steam dragon (D:7)
  Duvessa (D:6)
  2 ice beasts
  2 phantoms
  3 black bears
  8 ogres
  A necrophage (D:8)
  3 centaurs (D:6)
  4 bullfrogs
  Dowan (D:6)
  A water moccasin skeleton (D:8)
  12 killer bees
  3 scorpions
  7 wights
  3 howler monkeys (D:10)
  2 crimson imps (D:5)
  2 quasits (D:6)
  3 hounds
  2 jellies
  2 orc priests (D:4)
  2 bullfrog skeletons
  A bullfrog zombie (D:7)
  Crazy Yiuf (D:3)
  8 orc wizards
  An iguana (D:4)
  7 worker ants
  A hound skeleton (D:5)
  Robin (D:2)
  9 adders
  7 river rats (D:7)
  2 shadow imps (D:6)
  2 adder skeletons
  An adder zombie (D:9)
  A worm (D:2)
  2 dart slugs (D:1)
  4 leopard geckos
  23 orcs
  9 bats
  17 giant cockroaches
  11 hobgoblins
  3 jackals
  8 kobolds
  2 quokkas
  9 frilled lizards
  13 goblins
  A leopard gecko zombie (D:8)
  A quokka skeleton (D:7)
  A quokka zombie (D:5)
  32 rats
264 creatures vanquished.

Vanquished Creatures (collateral kills)
  A hill giant (D:11)
  Joseph (D:10)
  A wraith (D:10)
  3 yaks
  A water moccasin (D:10)
  2 sky beasts (D:9)
  A phantom (D:8)
  3 big kobolds
  A scorpion (D:9)
  5 killer bees
  A wight (D:10)
  A crimson imp (D:10)
  2 worker ants (D:9)
  An adder (D:10)
  An adder zombie (D:9)
  2 orcs
  A ball python (D:10)
  A jackal (D:11)
  3 kobolds
32 creatures vanquished.

Vanquished Creatures (others)
  An orc sorcerer (D:10)
  4 slaves
  A bullfrog (D:6)
  A scorpion (D:8)
  A centaur skeleton (D:8)
  An orc priest (D:4)
  An orc wizard (D:9)
  An adder skeleton (D:5)
  2 orcs
13 creatures vanquished.

Grand Total: 309 creatures vanquished

Notes
Turn   | Place    | Note
-------+----------+-------------------------------------------
     0 | D:1      | JeffiDaFish the Hill Orc Fighter began the quest for the Orb.
     0 | D:1      | Reached XP level 1. HP: 19/19 MP: 1/1
   197 | D:1      | Reached XP level 2. HP: 26/27 MP: 2/2
   265 | D:1      | Gained mutation: You are robust. (+10% HP) [potion of mutation]
   265 | D:1      | Gained mutation: You are partially covered in iridescent scales. (AC +2) [potion of mutation]
   265 | D:1      | Gained mutation: Your magical capacity is low. (-10% MP) [potion of mutation]
   382 | D:1      | Reached XP level 3. HP: 31/36 MP: 2/2
   897 | D:2      | Found a sacrificial altar of Ru.
   917 | D:2      | Reached XP level 4. HP: 41/44 MP: 3/3
   953 | D:2      | Found a sparkling altar of Nemelex Xobeh.
  1107 | D:2      | Noticed Robin
  1121 | D:2      | Killed Robin
  1211 | D:2      | Noticed Sigmund
  1246 | D:2      | Killed Sigmund
  1246 | D:2      | Reached skill level 1 in Dodging
  1246 | D:2      | Reached XP level 5. HP: 26/51 MP: 4/4
  1246 | D:2      | Reached XP level 6. HP: 30/58 MP: 5/5
  2079 | D:3      | Learned a level 3 spell: Gell's Gravitas
  2107 | D:3      | Found a snail-covered altar of Cheibriados.
  2172 | D:3      | Found a shattered altar of Ashenzari.
  2311 | D:3      | Found a runed door.
  2315 | D:3      | Noticed Crazy Yiuf
  2325 | D:3      | Killed Crazy Yiuf
  2551 | D:4      | Became a worshipper of Beogh the Brigand
  2620 | D:4      | Noticed a phantom
  2643 | D:4      | Killed a phantom
  2643 | D:4      | Reached skill level 1 in Spellcasting
  2643 | D:4      | Reached skill level 1 in Hexes
  2643 | D:4      | Reached XP level 7. HP: 45/66 MP: 7/7
  2815 | D:4      | Got a shimmering long sword
  2816 | D:4      | Identified the +4 long sword "Newtbane" {slice, rPois rF+ rC+ MR+} (You found it on level 4 of the Dungeon)
  2916 | D:4      | Reached skill level 5 in Fighting
  2924 | D:4      | Learned a level 1 spell: Magic Dart
  3106 | D:4      | Found a bloodstained altar of Trog.
  3108 | D:4      | Found a white marble altar of Elyvilon.
  3136 | D:4      | Found an opulent altar of Gozag.
  3161 | D:4      | Found a deep blue altar of Sif Muna.
  3256 | D:5      | Entered Level 5 of the Dungeon
  3271 | D:5      | Found a stormy altar of Qazlal.
  3327 | D:5      | Found Soxaek's Weapon Emporium.
  3335 | D:5      | Upgraded the game from 0.19-a0-1920-g83281cb to 0.19-a0-1922-g1e9a4c1
  3352 | D:5      | Found a staircase to the Ecumenical Temple.
  3439 | D:5      | Reached skill level 1 in Long Blades
  3439 | D:5      | Reached skill level 5 in Shields
  3616 | D:5      | Noticed pokedragonboy's ghost (novice DEFE)
  3632 | D:5      | Killed pokedragonboy's ghost
  3632 | D:5      | Reached skill level 1 in Conjurations
  3632 | D:5      | Reached XP level 8. HP: 68/75 MP: 9/9
  3952 | D:5      | Noticed Eustachio
  3968 | D:5      | Killed Eustachio
  3968 | D:5      | Reached * piety under Beogh
  4109 | D:6      | Noticed Pikel
  4127 | D:6      | Killed Pikel
  4127 | D:6      | Reached skill level 5 in Armour
  4307 | D:6      | Reached XP level 9. HP: 80/82 MP: 11/11
  4367 | D:6      | Noticed Dowan
  4370 | D:6      | Noticed Duvessa
  4380 | D:6      | Killed Duvessa
  4381 | D:6      | Killed Dowan
  4553 | D:6      | Noticed Grinder
  4563 | D:6      | Killed Grinder
  4563 | D:6      | Reached skill level 5 in Long Blades
  4783 | D:6      | HP: 2/85 [ogre/giant club (5)]
  5575 | D:7      | Reached ** piety under Beogh
  5587 | D:7      | Reached XP level 10. HP: 90/94 MP: 13/13
  5899 | D:7      | Learned a level 3 spell: Confuse
  6514 | D:7      | Reached *** piety under Beogh
  6689 | D:8      | Noticed Maurice
  7045 | D:8      | Found a shimmering altar of Xom.
  7045 | D:8      | Found a shimmering altar of Xom.
  7134 | D:8      | Noticed Prince Ribbit
  7138 | D:8      | Noticed Psyche
  7152 | D:8      | Killed Psyche
  7231 | D:8      | Found a shadowy altar of Dithmenos.
  7392 | D:8      | Found a hazy altar of Hepliaklqana.
  7395 | D:8      | Found a glowing golden altar of the Shining One.
  7435 | D:8      | Killed Maurice
  7435 | D:8      | Reached skill level 5 in Hexes
  7514 | D:8      | Killed Prince Ribbit
  8125 | D:9      | Reached XP level 11. HP: 84/103 MP: 15/15
  8127 | D:9      | Noticed Erica
  8163 | D:9      | Killed Erica
  8163 | D:9      | Reached skill level 5 in Conjurations
  8509 | D:9      | Found Hoafuere's Antique Weapon Shoppe.
  8553 | D:9      | HP: 5/104 [poisoned by a killer bee]
  8558 | D:9      | HP: 4/104 [poisoned by a killer bee]
  8565 | D:9      | HP: 4/104 [poisoned by a killer bee]
  8573 | D:9      | HP: 4/104 [poisoned by a killer bee]
  8971 | D:9      | Bought a scorched trident for 204 gold pieces
  8971 | D:9      | Identified the +11 trident "Xialad Cuac" {flame, Str+2} (You bought it in a shop on level 9 of the Dungeon)
  8998 | D:9      | Reached skill level 1 in Polearms
  9141 | D:9      | Reached **** piety under Beogh
  9291 | D:10     | Entered Level 10 of the Dungeon
  9344 | D:10     | Noticed Joseph
  9359 | D:10     | Killed Joseph
  9782 | D:10     | Found Fecuefy's Serpentskin Sales.
 10029 | D:11     | Noticed a hill giant
 10047 | D:11     | Killed a hill giant
 10174 | D:11     | Noticed an eight-headed hydra
 10177 | D:11     | Noticed a sun demon
 10179 | D:11     | Noticed a cyclops
 10180 | D:11     | Killed an eight-headed hydra
 10189 | D:11     | Mangled by a sun demon

Vault maps used:
D:1:      dpeg_arrival_prison
D:2:      minmay_roachtagon, nemelex_xobeh_ov_fountains_minmay,
          nicolae_ru_great_annihilating_truth, uniq_sigmund, uniq_robin
D:3:      overflow_temple_1_default, ashenzari_altar_1, first_bread,
          uniq_crazy_yiuf_cottage
D:4:      nicolae_overflow_hidden_temple, gammafunk_temple_overflow_statue,
          kennysheep_mini, kennysheep_generic_room_14
D:5:      grunt_qazlal_clouds, serial_shops, nicolae_shop_statue_plus,
          minmay_misc_feat_diagonals, uniq_eustachio
D:6:      uniq_grinder, uniq_duvessa, uniq_pikel
D:7:      lemuel_ratsnest, grunt_livestock
D:8:      grunt_dithmenos_smoke, grunt_temple_overflow_open,
          hangedman_decor_points, kennysheep_decorative_pillar,
          minmay_misc_feat_cross, xom_redecorated, uniq_psyche, uniq_maurice,
          uniq_prince_ribbit1
D:9:      serial_shops, nicolae_shop_crystal, uniq_erica
D:10:     guppyfry_shop_venom, uniq_joseph
D:11:     erik_lair_orcish_takeover

Skill      XL: |  1  2  3  4  5  6  7  8  9 10 11 |
---------------+----------------------------------+-----
Axes           | 3 4 6 |  6.3
Fighting       | 4 5 6 7 8 |  8.8
Dodging        | 1 |  1.0
Shields        | 4 5 6 7 8 |  8.1
Armour         | 4 5 6 7 |  7.6
Spellcasting   | 1 2 4 |  4.5
Hexes          | 1 2 3 4 5 |  5.9
Long Blades    | 2 4 6 8 |  8.3
Conjurations   | 1 2 3 4 5 |  5.5
Polearms       | 3 |  3.5
Stealth        | |  0.8

Action                   |  1- 3 |  4- 6 |  7- 9 | 10-12 || total
-------------------------+-------+-------+-------+-------++-------
Melee: War axe           |    89 |   179 |     9 |       ||   277
       Scythe            |       |    51 |       |       ||    51
       Long sword        |       |       |   275 |   342 ||   617
       Trident           |       |       |       |   103 ||   103
Invok: Convert to Beogh  |       |     1 |       |       ||     1
       Recall Orcish Fol |       |       |       |     2 ||     2
  Use: Scroll            |     2 |     8 |     3 |     6 ||    19
       Potion            |     2 |     8 |     2 |     4 ||    16
 Stab: Distracted        |       |       |       |     2 ||     2
  Eat: Chunk             |       |     6 |    10 |    21 ||    37
       Bread ration      |       |       |       |     2 ||     2
       Fruit             |       |       |       |     1 ||     1
Armor: Scale mail        |    44 |    24 |       |       ||    68
       Plate armour      |       |   123 |   210 |   257 ||   590
Dodge: Dodged            |    26 |    47 |    67 |    75 ||   215
Block: Shield            |    54 |    84 |   179 |   205 ||   522
       Rpst.: Long sword |       |       |    22 |    19 ||    41
